 Dungeon Crawl Stone Soup version 0.22-a0-247-gbddf880 (webtiles) character file.

30 Amnesiac the Charlatan (level 3, -5/17 HPs)
             Began as a Spriggan Artificer on Feb 26, 2018.
             Shot with an arrow by a centaur (16 damage)
             ... on level 5 of the Dungeon.
             The game lasted 00:05:24 (1526 turns).

Amnesiac the Charlatan (Spriggan Artificer)         Turns: 1526, Time: 00:05:25

Health: -5/17      AC:  3    Str:  9    XL:     3   Next: 5%
Magic:  8/8        EV: 18    Int: 12    God:
Gold:   102        SH:  3    Dex: 16    Spells: 2/2 levels left

rFire    . . .     SeeInvis +   b - +0 short sword
rCold    . . .     Gourm    .   (shield restricted)
rNeg     . . .     Faith    .   l - +0 robe
rPois    .         Spirit   .   (helmet restricted)
rElec    .         Reflect  +   i - +0 cloak
rCorr    .         Harm     .   (gloves unavailable)
MR       .....                  (boots unavailable)
Stlth    ++........             t - +3 amulet of reflection
HPRegen  0.05/turn              (no ring)
MPRegen  0.11/turn              (no ring)

@: very quick
A: very small, unfitting armour, see invisible, herbivore, speed 3, slow
metabolism 2
a: no special abilities


You were on level 5 of the Dungeon.
You were not hungry.

You visited 1 branch of the dungeon, and saw 5 of its levels.

You collected 102 gold pieces.

Inventory:

Hand Weapons
 a - a +0 hunting sling
 b - a +0 short sword (weapon)
Missiles
 g - 17 poisoned needles
 h - 20 stones (quivered)
Armour
 i - a +0 cloak (worn)
 l - a +0 robe (worn)
Jewellery
 t - a +3 amulet of reflection (around neck)
Wands
 c - a wand of flame (3)
 d - a wand of enslavement (14)
 e - a wand of random effects (14)
Scrolls
 n - 2 scrolls of magic mapping {!r, unknown}
 p - a scroll of identify {!r, unknown}
 q - a scroll of teleportation {!r, unknown}
 r - a scroll of immolation {!r, unknown}
 u - a scroll of fear {!r, unknown}
 v - a scroll of fog {!r, unknown}
Potions
 j - a potion of cancellation {!q, unknown}
 k - a potion of mutation {!q, unknown}
 m - a potion of curing {!q, unknown}
 o - a potion of brilliance {!q, unknown}
 s - a potion of heal wounds {!q, unknown}
Comestibles
 f - 4 rations


   Skills:
 - Level 0.7 Fighting
 - Level 1.1 Short Blades
 - Level 3.0 Dodging
 - Level 1.5 Stealth
 + Level 5.6 Evocations


You had 2 spell levels left.
You didn't know any spells.

Dungeon Overview and Level Annotations

Branches:
Dungeon (5/15)
 Temple: D:4-7

Altars:
Ashenzari
Fedhas
Qazlal
Yredelemnul

Annotations:
D:3 Grinder
D:4 1 runed door, exclusions: door and hound


Innate Abilities, Weirdness & Mutations

You are very small and have problems with some larger weapons.
You are too small for most types of armour.
You have supernaturally acute eyesight. (SInv)
You are a herbivore.
You cover ground extremely quickly.
You need consume almost no food.


Message History

The jackal skeleton completely misses you.
You see here a scroll labeled WOINARH UJEIFI {!r}.
v - a scroll labeled WOINARH UJEIFI {!r} The worker ant twitches its antennae in your direction.
The jackal skeleton misses you.
You open the door.
Found 12 gold pieces.
There is an open door here.
You see here 12 gold pieces.
You now have 69 gold pieces (gained 12).
You block the iguana's attack.
Found an escape hatch in the floor.
Found 4 gold pieces.
You see here 4 gold pieces.
You now have 73 gold pieces (gained 4).
h - 20 stones (gained 13)
There are no items here.
You open the door.
There is an open door here.
HP restored.
You open the door.
There is an open door here.
The howler monkey skeleton misses you. The howler monkey skeleton hits you.
Found 18 gold pieces.
You now have 91 gold pieces (gained 18).
HP restored.
A leopard gecko comes into view.
The leopard gecko hisses angrily.
Found a scroll labeled MUEFRU UWUCUSUKH.
A leopard gecko is nearby!
You see here a scroll labeled MUEFRU UWUCUSUKH {!r}.
n - 2 scrolls labeled MUEFRU UWUCUSUKH {!r} (gained 1)
A leopard gecko is nearby!
A leopard gecko is nearby!
There is a stone staircase leading down here.
You climb downwards.
A worker ant comes into view.
Found a scroll of remove curse.
Found a stone staircase leading down.
There is a stone staircase leading up here.
Unknown command.
You open the door.
Found 11 gold pieces.
There is an open door here.
You close the door.
You now have 102 gold pieces (gained 11).
You open the door.
There is an open door here.
There is an open door here.
You open the door.
The worker ant is too close now for your liking.
There is an open door here.
The worker ant twitches its antennae in your direction.
A centaur comes into view.
The centaur shouts!
The centaur wields a shortbow.
The centaur shoots an arrow.
The arrow hits you.
You see here an arrow.
As you open the door, it creaks loudly!
You hear a shout!
The centaur shoots an arrow.
The arrow barely misses you.
There is an open door here.
You close the door.
The centaur shoots an arrow.
The arrow hits you!
Ouch! That really hurt!
You die...

....... #.. #.##..#
##.
###.##..#########'
+........#........
#........#........
#........#.....##.
#...##...#.....##.
#...##+####....##.
#@..##.(a##'#####.
+......c........##.
#............><.# .
#................#
####+###..##..?..+
#..##....##
#..####### #..+ #..


You could see a centaur.

Vanquished Creatures
  A hound skeleton (D:4)
  An adder (D:4)
  The ghost of Amnesiac the Charlatan, a weakling SpAr (D:4)
  2 orcs (D:4)
  A jackal skeleton (D:4)
  A jackal zombie (D:4)
7 creatures vanquished.

Vanquished Creatures (others)
  A hound skeleton (D:4)
1 creature vanquished.

Grand Total: 8 creatures vanquished

Notes
Turn   | Place    | Note
-------+----------+-------------------------------------------
     0 | D:1      | Amnesiac the Spriggan Artificer began the quest for the Orb.
     0 | D:1      | Reached XP level 1. HP: 9/9 MP: 4/4
   317 | D:3      | Noticed Grinder
   322 | D:3      | Found a blossoming altar of Fedhas.
   367 | D:4      | Noticed an orc priest
   436 | D:4      | Noticed a hound
   460 | D:4      | Found a runed door.
   460 | D:4      | Noticed a human
   509 | D:4      | Found a basalt altar of Yredelemnul.
   583 | D:4      | Reached XP level 2. HP: 9/14 MP: 6/6
   585 | D:4      | Reached skill level 5 in Evocations
   771 | D:4      | Noticed Amnesiac's ghost (weakling SpAr)
   778 | D:4      | Killed Amnesiac's ghost
   836 | D:4      | Found a shattered altar of Ashenzari.
   839 | D:4      | Found a stormy altar of Qazlal.
   935 | D:4      | Reached XP level 3. HP: 4/17 MP: 8/8
  1471 | D:5      | Entered Level 5 of the Dungeon
  1516 | D:5      | Noticed a centaur
  1526 | D:5      | Shot with an arrow by a centaur

Vault maps used:
D:1:      sevenhm_arrival_forest_fort_large_4
D:2:      okawaru_altar_gauntlet_db, uniq_jessica
D:3:      lemuel_doored_altar, xom_teletrap_fun, uniq_ijyb, uniq_grinder
D:4:      amethyst_overflow_temple_binary, first_ration, dk_yredelemnul_ordeal
D:5:      minmay_temple_entry_overgrown

Skill      XL: |  1  2 |
---------------+-------+-----
Evocations     | 5 |  5.6
Fighting       | |  0.7
Short Blades   | |  1.1
Dodging        | |  3.0
Stealth        | |  1.5

Action                   || total
-------------------------++-------
Melee: Short sword       ||    13
 Fire: Hunting sling     ||    26
Evoke: Wand              ||    14
  Use: Scroll            ||     1
 Stab: Paralysed         ||     4
Armor: Robe              ||     9
Dodge: Dodged            ||    84
Block: Other             ||     1

Table legend:
 A = Spawn XP
 B = Non-spawn XP
 C = Spawn XP percentage of total XP
 D = Spawn monster count
 E = Non-spawn monster count
 F = Spawn count percentage of total count
 G = Total turns spent on level
                    A         B        C        D         E        F      G
               +---------+---------+-------+---------+---------+-------+---------
         Total |       0 |      44 |   0.0 |       0 |       8 |   0.0 |  1526
               +---------+---------+-------+---------+---------+-------+---------
           D:4 |       0 |      44 |   0.0 |       0 |       8 |   0.0 |  1118
               +---------+---------+-------+---------+---------+-------+---------
